 Dungeon Crawl Stone Soup version 0.24-a0-512-g2b48af375b (webtiles) character file.

Game seed: 5527458830504875565

338 Peloso the Shield-Bearer (level 6, 0/79 HPs)
             Began as a Minotaur Fighter on July 20, 2019.
             Succumbed to a scorpion's poison
             ... on level 4 of the Dungeon.
             The game lasted 00:08:02 (2816 turns).

Peloso the Shield-Bearer (Minotaur Fighter)         Turns: 2816, Time: 00:08:03

Health: 0/79       AC: 23    Str: 21    XL:     6   Next: 29%
Magic:  5/5        EV:  2    Int:  5    God:
Gold:   195        SH: 10    Dex: 11    Spells: 5/5 levels left

rFire    . . .     SeeInvis .   a - +0 long sword
rCold    . . .     Gourm    .   c - +0 shield
rNeg     + + +     Faith    +   (armour currently unavailable)
rPois    +         Spirit   .   (helmet currently unavailable)
rElec    .         Reflect  .   (cloak currently unavailable)
rCorr    .         Harm     .   (gloves currently unavailable)
MR       .....     NoTele   +   (boots currently unavailable)
Stlth    +.........             t - amulet of faith
HPRegen  0.23/turn              (no ring)
MPRegen  0.09/turn              (no ring)

@: lethally poisoned (0 -> -18), tree-form
A: (retaliatory headbutt)
a: no special abilities


You were on level 4 of the Dungeon.
You were hungry.
You were a tree.
You visited 1 branch of the dungeon, and saw 5 of its levels.

You collected 195 gold pieces.

Inventory:

Hand Weapons
 a - a +0 long sword (weapon)
Armour
 b - a +0 scale mail
 c - a +0 shield (worn)
 s - a +0 chain mail (melded)
Jewellery
 t - an amulet of faith (around neck)
 x - an uncursed ring of protection from fire {unknown}
Wands
 q - a wand of flame (23)
Scrolls
 g - 2 scrolls of amnesia {unknown}
 i - 3 scrolls of identify {unknown}
 l - 4 scrolls of teleportation {unknown}
 n - a scroll of noise {unknown}
 o - a scroll of remove curse {unknown}
 p - 2 scrolls of blinking {unknown}
 r - a scroll of magic mapping {unknown}
 w - a scroll of fear {unknown}
Potions
 d - 2 potions of might
 e - a potion of resistance
 h - a potion of degeneration {unknown}
 j - 2 potions of lignification
 k - 2 potions of haste {unknown}
 m - 2 potions of curing {unknown}
 v - a potion of flight {unknown}
Miscellaneous
 u - a phial of floods
Comestibles
 f - 7 rations
 z - a chunk of flesh


   Skills:
 + Level 4.5 Fighting
 + Level 5.0 Long Blades
 + Level 5.0 Armour
 + Level 1.7 Dodging
 + Level 0.4 Stealth
 + Level 5.2 Shields


You had 5 spell levels left.
You didn't know any spells.
Your spell library was empty.

Dungeon Overview and Level Annotations

Branches:
Dungeon (5/15)
 Temple: D:4-7

Altars:
Ashenzari
Kikubaaqudgha
Xom


Innate Abilities, Weirdness & Mutations

((You reflexively headbutt those who attack you in melee.))
((You have a pair of horns on your head.))


Message History

You feel sick. The scorpion stings you!
* * * LOW HITPOINT WARNING * * *
* * * LOW HITPOINT WARNING * * *
You feel sick.
* * * LOW HITPOINT WARNING * * *
You feel sick.
There is a stone staircase leading up here.
* * * LOW HITPOINT WARNING * * *
You feel sick. The scorpion stings you.
* * * LOW HITPOINT WARNING * * *
You are more poisoned.
The scorpion poisons you!
You climb upwards.
* * * LOW HITPOINT WARNING * * *
You feel very sick.
There is a stone staircase leading down here.
It was a potion of lignification.
You turn into a tree.
Your +0 chain mail melds into your body.
Your roots penetrate the ground.
You die...

###### ###### #..... ### #....#
#.#### ..# #....# ##.#...
#.##########....# #......
#.##.......#....# #......
#(##.......#...)############.#...
#.##.......'...)♣s...........#.#.
#.##.......#######...............
#.##.......# #.#.........#.#.
#.##.......# #...........#.#.
..##.......# #.........#.#.#.
..####.##### #.....#.....#.#. ..#
##.######## #.....#.#####.#.
..###.........# #.....#.# #.#.
....'.........####.....#.#####.#.


You could see a scorpion.

Vanquished Creatures
  A centaur (D:5)
  A bullfrog skeleton (D:4)
  An orc wizard (D:4)
  Terence (D:3)
  A worker ant (D:4)
  Robin (D:3)
  A gnoll (D:5)
  An adder (D:4)
  An ooze (D:2)
  An adder skeleton (D:4)
  3 worms
  3 leopard geckos
  6 orcs
  6 bats
  2 giant cockroaches
  19 goblins
  12 hobgoblins
  12 jackals
  7 kobolds
  2 quokkas (D:2)
  6 frilled lizards
  10 rats
98 creatures vanquished.

Notes
Turn   | Place    | Note
-------+----------+-------------------------------------------
     0 | D:1      | Peloso the Minotaur Fighter began the quest for the Orb.
     0 | D:1      | Reached XP level 1. HP: 19/19 MP: 0/0
    59 | D:1      | Found a shattered altar of Ashenzari.
   186 | D:1      | Reached XP level 2. HP: 27/27 MP: 1/1
   764 | D:2      | Reached XP level 3. HP: 15/33 MP: 2/2
  1094 | D:3      | Noticed Robin
  1110 | D:2      | Reached XP level 4. HP: 26/40 MP: 3/3
  1234 | D:3      | Killed Robin
  1311 | D:3      | Found an ancient bone altar of Kikubaaqudgha.
  1549 | D:3      | Noticed Terence
  1558 | D:3      | Killed Terence
  1558 | D:3      | Reached skill level 1 in Dodging
  1558 | D:3      | Reached XP level 5. HP: 38/46 MP: 4/4
  1978 | D:4      | Found a shimmering altar of Xom.
  2764 | D:5      | Entered Level 5 of the Dungeon
  2786 | D:5      | Noticed a centaur
  2803 | D:5      | Reached skill level 5 in Shields
  2807 | D:5      | Killed a centaur
  2807 | D:5      | Reached skill level 5 in Long Blades
  2807 | D:5      | Reached skill level 5 in Armour
  2807 | D:5      | Reached XP level 6. HP: 37/53 MP: 5/5
  2815 | D:4      | HP: 1/53 [poisoned by a scorpion]
  2816 | D:4      | Succumbed to a scorpion's poison

Levels and vault maps discovered:
D:1:      nzn_arrival_crosshair, layout_basic, dk_noncrumbling_2, fountainhead,
          ashenzari_altar_1
D:2:      layout_basic
D:3:      cheibrodos_old_hovel, layout_rooms, kiku_gazebo_pond_becter,
          grunt_ministairs_12, uniq_robin, uniq_terence
D:4:      layout_basic, tgw_xom
D:5:      layout_rooms, old_standard_altar, first_ration, serial_shops, shop

Skill      XL: |  1  2  3  4  5 |
---------------+----------------+-----
Fighting       | 4 |  4.5
Shields        | 4 5 |  5.2
Long Blades    | 3 4 5 |  5.0
Armour         | 4 5 |  5.0
Dodging        | 1 |  1.7
Stealth        | |  0.4

Action                   |  1- 3 |  4- 6 || total
-------------------------+-------+-------++-------
Melee: Long sword        |   116 |   114 ||   230
       Headbutt          |    19 |    19 ||    38
  Use: Potion            |       |     1 ||     1
  Eat: Chunk             |       |     6 ||     6
Armor: Scale mail        |    78 |    37 ||   115
       Chain mail        |       |    27 ||    27
Dodge: Dodged            |    46 |    45 ||    91
Block: Shield            |    70 |    72 ||   142
       Rpst.: Long sword |    10 |    11 ||    21

Table legend:
 A = Non-vault XP
 B = Vault XP
 C = Vault XP percentage of total XP
 D = Non-vault monster count
 E = Vault monster count
 F = Vault count percentage of total count
                 A         B        C        D         E       F
            +---------+---------+-------+---------+---------+-------
      Total |     408 |      75 |  15.5 |      82 |      16 |  16.3
            +---------+---------+-------+---------+---------+-------
        D:1 |      29 |       0 |   0.0 |      17 |       0 |   0.0
        D:2 |      53 |      15 |  22.1 |      25 |       8 |  24.2
        D:3 |      51 |      60 |  54.1 |      25 |       8 |  24.2
        D:4 |     139 |       0 |   0.0 |       8 |       0 |   0.0
        D:5 |     136 |       0 |   0.0 |       7 |       0 |   0.0
            +---------+---------+-------+---------+---------+-------
